Map: 回聲 - 天梯版(虛空之遺)

Players

Drager

  • Race: Protoss Protoss
  • Spawn Location: 11:00

iGXY (XY) - Winner!

  • Race: Terran Terran
  • Spawn Location: 5:00

Event: WESG 2016 Finals

VOD

Have the link to the VOD?

Description

Time

  • Played on: Jan. 12, 2017, 1:53 a.m.
  • Length: 8:37

All games in this series

Show
View Real Time Build Order
Export as new Build Order

Drager Protoss 

Build Orders: 1 Gate Expand, Blink Stalkers 

Get SALT Encoding   

  12  0:00  Probe (Chrono Boost)  
  13  0:11  Probe (Chrono Boost)  
  14  0:17  Pylon  
  14  0:22  Probe (Chrono Boost)  
  16  0:35  Probe (Chrono Boost)  
  16  0:36  Gateway  
  16  0:45  Assimilator  
  16  0:46  Probe (Chrono Boost)  
  17  0:56  Probe (Chrono Boost)  
  18  1:07  Probe (Chrono Boost)  
  19  1:18  Nexus  
  19  1:29  Cybernetics Core  
  19  1:31  Probe (Chrono Boost)  
  20  1:36  Assimilator  
  20  1:41  Probe (Chrono Boost)  
  21  1:48  Pylon  
  21  1:52  Probe (Chrono Boost)  
  22  2:06  Mothership Core (Chrono Boost), Adept  
  26  2:15  Warp Gate  
  26  2:25  Probe (Chrono Boost)  
  27  2:31  Probe (Chrono Boost)  
  27  2:35  Probe (Chrono Boost)  
  27  2:36  Robotics Facility  
  29  2:42  Probe (Chrono Boost)  
  30  2:46  Probe (Chrono Boost)  
  31  2:52  Probe (Chrono Boost)  
  31  2:56  Probe (Chrono Boost)  
  31  2:58  Twilight Council  
  33  3:03  Probe (Chrono Boost)  
  34  3:07  Probe (Chrono Boost)  
  35  3:13  Probe (Chrono Boost)  
  35  3:17  Gateway  
  35  3:18  Probe (Chrono Boost)  
  35  3:19  Gateway, Blink  
  37  3:23  Observer  
  37  3:24  Probe (Chrono Boost)  
  39  3:29  Probe (Chrono Boost)  
  40  3:35  Probe (Chrono Boost)  
  42  3:41  Probe (Chrono Boost)  
  42  3:45  Probe (Chrono Boost)  
  42  3:46  Pylon  
  43  3:49  Observer  
  43  3:50  Assimilator  
  43  3:53  Probe (Chrono Boost)  
  45  3:56  Probe (Chrono Boost)  
  46  4:06  Probe x2 (Chrono Boost)  
  48  4:17  Probe (Chrono Boost)  
  48  4:18  Probe (Chrono Boost)  
  47  4:30  Probe (Chrono Boost)  
  49  4:34  Nexus  
  49  4:35  Stalker x2  
  49  4:36  Pylon  
  49  4:37  Stalker  
  54  4:45  Pylon  
  54  4:54  Observer, Probe (Chrono Boost), Pylon  
  54  4:56  Probe (Chrono Boost)  
  57  5:05  Probe (Chrono Boost)  
  57  5:06  Stalker x3  
  63  5:08  Probe (Chrono Boost), Pylon  
  63  5:15  Probe (Chrono Boost)  
  63  5:17  Pylon  
  63  5:20  Probe (Chrono Boost)  
  65  5:26  Probe (Chrono Boost)  
  66  5:30  Stalker x3  
  66  5:31  Resonating Glaives  
  66  5:32  Probe (Chrono Boost)  
  73  5:36  Probe (Chrono Boost)  
  73  5:39  Pylon  
  74  5:44  Probe (Chrono Boost)  
  74  5:47  Probe (Chrono Boost)  
  76  5:56  Probe (Chrono Boost)  
  77  5:57  Probe (Chrono Boost)  
  77  5:58  Probe (Chrono Boost)  
  77  6:01  Immortal  
  74  6:08  Probe x2 (Chrono Boost)  
  74  6:10  Probe (Chrono Boost)  
  81  6:14  Sentry, Adept x2  
  87  6:19  Probe (Chrono Boost)  
  87  6:20  Gateway x2  
  87  6:21  Probe (Chrono Boost)  
  87  6:23  Gateway  
  89  6:27  Gateway  
  89  6:29  Gateway  
  89  6:30  Pylon  
  91  6:33  Probe (Chrono Boost)  
  91  6:35  Immortal  
  90  6:43  Adept x3  
  99  6:57  Pylon x2  
  95  7:05  Adept x3  
  91  7:09  Warp Prism  
  93  7:16  Pylon  
  93  7:20  Pylon  
  93  7:22  Adept x4, Pylon  
  97  7:26  Adept x3  
  101  7:43  Immortal, Adept  
  101  7:44  Adept x3  
  83  7:50  Adept x4  
  83  7:55  Pylon  
  79  8:06  Adept x4  
  79  8:12  Stalker x4  
  81  8:27  Adept x4  
Show
View Real Time Build Order
Export as new Build Order

iGXY Terran - Winner!

Build Orders: Reaper Expand, MMM Bio 

Get SALT Encoding   

  12  0:00  SCV  
  13  0:13  SCV  
  14  0:16  Supply Depot  
  14  0:25  SCV  
  15  0:30  Refinery  
  15  0:38  SCV  
  16  0:44  Barracks  
  16  0:50  SCV  
  17  1:02  SCV  
  18  1:14  SCV  
  19  1:31  Orbital Command, Reaper  
  20  1:42  Command Center  
  20  1:52  Factory  
  20  1:58  SCV  
  21  2:05  Refinery  
  21  2:07  Barracks Reactor  
  21  2:10  SCV  
  22  2:15  Supply Depot  
  22  2:23  SCV  
  23  2:36  Starport  
  23  2:37  SCV  
  23  2:41  Widow Mine  
  23  2:43  Marine x2  
  28  2:49  SCV  
  29  2:55  Orbital Command  
  29  3:00  Marine  
  29  3:01  Marine, SCV  
  32  3:09  Widow Mine  
  32  3:12  Medivac  
  36  3:14  SCV  
  36  3:18  Marine  
  36  3:19  Marine  
  39  3:21  SCV  
  40  3:27  Supply Depot  
  40  3:28  SCV  
  41  3:36  Marine, SCV  
  41  3:37  Marine  
  41  3:40  SCV  
  45  3:42  Factory Tech Lab  
  45  3:46  Starport Tech Lab  
  45  3:47  Barracks  
  45  3:49  SCV  
  45  3:53  SCV  
  45  3:54  Marine x2  
  49  4:01  Siege Tank  
  51  4:04  Engineering Bay  
  51  4:05  SCV  
  51  4:06  SCV  
  54  4:17  SCV  
  54  4:27  Barracks  
  54  4:31  Missile Turret  
  54  4:34  Terran Infantry Weapons Level 1  
  54  4:42  Supply Depot  
  54  4:43  Stimpack  
  54  4:44  Starport Reactor  
  54  4:51  Supply Depot  
  54  5:04  SCV x2, Siege Tank  
  54  5:05  Marine  
  54  5:06  Marine  
  61  5:10  Refinery  
  61  5:12  Refinery  
  61  5:13  Marauder  
  63  5:14  Barracks Tech Lab  
  63  5:16  SCV x2, Supply Depot  
  63  5:19  Supply Depot  
  63  5:21  Medivac  
  67  5:26  Supply Depot  
  67  5:28  SCV x2  
  69  5:40  SCV x2, Siege Tank  
  69  5:41  Marauder x2  
  78  5:43  Marine x2, Supply Depot  
  78  5:49  Supply Depot  
  80  5:50  Supply Depot  
  80  5:52  SCV x2  
  80  6:00  Medivac x2  
  84  6:10  Combat Shields  
  84  6:17  Marauder x2, Marine x2  
  88  6:26  Barracks, Command Center  
  88  6:28  Barracks  
  88  6:29  Factory Reactor  
  88  6:30  SCV  
  88  6:31  SCV  
  90  6:38  Marauder  
  92  6:43  SCV x2, Concussive Shells  
  92  6:50  Liberator x2  
  92  6:52  Marauder, Marine  
  92  6:53  Marine  
  96  6:55  SCV  
  96  6:59  Marauder, SCV  
  100  7:07  SCV  
  99  7:11  SCV  
  99  7:12  Supply Depot  
  100  7:17  Marauder  
  100  7:18  Marauder  
  100  7:19  SCV  
  105  7:23  SCV  
  105  7:24  Factory Reactor  
  105  7:25  Marauder  
  108  7:31  SCV  
  108  7:35  SCV  
  108  7:43  Marine, SCV  
  108  7:44  Marine, Marauder x2  
  108  7:47  SCV  
  108  7:48  Orbital Command  
  108  7:50  Medivac x2  
  112  7:55  SCV  
  112  7:56  Marauder  
  115  7:58  Marine  
  115  7:59  SCV  
  115  8:04  Marine  
  115  8:05  Marauder  
  120  8:07  Marine, Refinery, Supply Depot, SCV  
  120  8:09  Refinery  
  120  8:11  SCV  
  120  8:12  Marine  
  124  8:13  Marauder  
  124  8:14  SCV  
  124  8:19  SCV  
Tags
 
Add a new tag
Caveats
  • Supply blocks, unpowered buildings, or Contaminate may cause inaccurate times.
  • Supply counts are checked every 10 seconds.